 Dungeon Crawl Stone Soup version 0.26-a0-661-g406de6ba63 (webtiles) character file.

Game seed: 10013973502417758475

4633 tygod the Archer (level 10, -3/79 HPs)
             Began as a Gnoll Hunter on Oct 6, 2020.
             Was a Believer of Fedhas.
             Shot with a bolt by a tengu warrior (7 damage)
             ... on level 9 of the Dungeon on Oct 8, 2020.
             The game lasted 00:47:28 (10053 turns).

tygod the Archer (Gnoll Hunter)                    Turns: 10053, Time: 00:47:29

Health: -3/79      AC: 14    Str: 16    XL:     10   Next: 43%
Magic:  14/17      EV: 11    Int: 13    God:    Fedhas [**....]
Gold:   359        SH:  0    Dex: 18    Spells: 17/19 levels left

rFire    + . .     SeeInvis +   w - +2 short sword (freeze)
rCold    + + .     Faith    +   (no shield)
rNeg     . . .     Spirit   .   P - +1 chain mail "Qusyivof" {rC+++}
rPois    .         Reflect  .   N - +1 helmet
rElec    .         Harm     .   g - scarf {+Inv}
rCorr    .         Rampage  .   (no gloves)
MR       .....                  r - +0 pair of boots
Stlth    ..........             H - amulet of faith
HPRegen  0.23/turn              z - ring of see invisible
MPRegen  0.15/turn              B - ring of fire

@: slowed, very slow
A: distributed training, fangs 1, strong nose
a: Wall of Briars, Renounce Religion, Evoke Invisibility


You were on level 9 of the Dungeon.
You worshipped Fedhas.
Fedhas was pleased with you.
You visited 2 branches of the dungeon, and saw 10 of its levels.

You collected 461 gold pieces.
You spent 102 gold pieces at shops.

Inventory:

Hand Weapons
 a - a +2 shortbow of flaming
 w - a +2 short sword of freezing (weapon)
 D - a +4 dagger
Missiles
 d - 134 arrows
 h - 8 atropa-tipped darts (quivered)
 j - 128 sling bullets
 v - 92 bolts
 F - 192 stones
 G - 5 boomerangs
 X - 13 poisoned darts
Armour
 g - a scarf of invisibility (worn)
 k - a +0 kite shield
 m - a +3 leather armour
 r - a +0 pair of boots (worn)
 N - a +1 helmet (worn)
 P - the +1 chain mail "Qusyivof" (worn) {rC+++}
   (You found it on level 5 of the Dungeon)

   It renders you almost immune to cold.
Magical Staves
 W - an uncursed staff of earth
Jewellery
 z - a ring of see invisible (left hand)
 B - a ring of fire (right hand)
 H - an amulet of faith (around neck)
 Q - an uncursed ring of protection from cold
 T - an uncursed amulet of the acrobat
Wands
 y - a wand of disintegration (3)
 C - a wand of flame (7)
 S - a wand of iceblast (4)
 Z - a wand of acid (7)
Scrolls
 e - 9 scrolls of teleportation
 n - a scroll of torment {unknown}
 p - 3 scrolls of immolation
 s - a scroll of enchant armour {unknown}
 A - a scroll of magic mapping
 I - a scroll of amnesia
 J - 4 scrolls of remove curse
 L - 2 scrolls of noise
 M - 2 scrolls of enchant weapon
 O - a scroll of random uselessness {unknown}
 V - a scroll of fear {unknown}
Potions
 b - a potion of lignification {unknown}
 c - 2 potions of brilliance {unknown}
 f - 3 potions of flight
 i - a potion of might
 l - 3 potions of magic {unknown}
 o - 7 potions of curing
 q - a potion of resistance
 t - a potion of invisibility {unknown}
 u - 4 potions of haste
 x - a potion of heal wounds {unknown}
 E - a potion of berserk rage {unknown}
 K - a potion of cancellation {unknown}
 R - 2 potions of ambrosia {unknown}
 U - 2 potions of stabbing {unknown}


   Skills:
 + Level 7.1 Fighting
 + Level 5.2 Short Blades
 + Level 5.2 Long Blades
 + Level 5.2 Axes
 + Level 5.2 Maces & Flails
 + Level 5.2 Polearms
 + Level 5.2 Staves
 + Level 5.2 Slings
 + Level 10.0 Bows
 + Level 5.2 Crossbows
 + Level 5.2 Throwing
 + Level 5.2 Armour
 + Level 7.1 Dodging
 + Level 5.8 Stealth
 + Level 5.2 Shields
 + Level 5.2 Unarmed Combat
 + Level 5.2 Spellcasting
 + Level 4.3 Conjurations
 + Level 4.3 Hexes
 + Level 4.3 Summonings
 + Level 4.3 Necromancy
 + Level 4.3 Translocations
 + Level 4.3 Transmutations
 + Level 4.3 Fire Magic
 + Level 4.3 Ice Magic
 + Level 4.3 Air Magic
 + Level 4.3 Earth Magic
 + Level 4.3 Poison Magic
 + Level 5.8 Invocations
 + Level 5.2 Evocations


You had 17 spell levels left.
You knew the following spells:

 Your Spells              Type           Power        Failure   Level
a - Summon Small Mammal   Summ           ##..         41%         1
b - Corona                Hex            ##.....      41%         1

Your spell library contained the following spells:

 Spells                   Type           Power        Failure   Level
 Animate Skeleton         Necr           ##....       41%         1
 Apportation              Tloc           ##....       41%         1
 Beastly Appendage        Tmut           ##....       41%         1
 Poisonous Vapours        Pois/Air       ##....       56%         2
 Wereblood                Tmut           ##......     56%         2
 Conjure Flame            Conj/Fire      ###.....     80%         3
 Mephitic Cloud           Conj/Pois/Air  ##......     80%         3
 Spider Form              Tmut/Pois      ##........   80%         3
 Ice Form                 Ice/Tmut       ##......     99%         4
 Blade Hands              Tmut           ##........   100%        5
 Freezing Cloud           Conj/Ice/Air   ##........   100%        6


Dungeon Overview and Level Annotations

Branches:
Dungeon (9/15)             Temple (1/1) D:6
   Lair: D:8-11         Orc: D:9-12

Altars:
Ashenzari
Cheibriados
Dithmenos
Elyvilon
Fedhas
Gozag
Hepliaklqana
Kikubaaqudgha
Makhleb
Nemelex Xobeh
Okawaru
Qazlal
Ru
Sif Muna
Trog
Uskayaw
Vehumet
Wu Jian
Xom
Yredelemnul
Zin
The Shining One

Shops:
D:5 *   D:6 (

Annotations:
D:5 1 runed translucent door, Crazy Yiuf


Innate Abilities, Weirdness & Mutations

Your experience applies equally to all skills.
You have very sharp teeth.
Your uncanny sense of smell can sniff out nearby items.


Message History

The worker ant is severely wounded.
You feel less confused. The worker ant closely misses you.
The worker ant bites you but does no damage.
The tengu warrior hits you but does no damage.
The tengu warrior pecks you but does no damage.
The tengu warrior claws you.
* * * LOW HITPOINT WARNING * * *
A briar patch grows up from the ground.
The worker ant barely misses you.
The tengu warrior hits you with a +3 battleaxe!
* * * LOW HITPOINT WARNING * * *
The tengu warrior misses you.
The tengu warrior claws you but does no damage.
The worker ant barely misses you.
You walk carefully through the plants.
The tengu warrior unwields a +3 battleaxe.
The tengu warrior wields a +0 arbalest.
The tengu warrior shoots a bolt.
The bolt hits you!
You die...
Fedhas appreciates your contribution to the ecosystem.

.. ∆ #. #.. #####
########((.#...#
#......#..=(...#
#.####.#...#(.B# ∆ #.#
#.### ###Q# #.# #.#
#P# #.# #.# #@# #.#
#.# #.# #.#..#.# #)#
#.#..#.#######'#######
#.#..#.#.............#
#.#..#.#.####........#
#.#..#.#.# #........#
#.#..#.#.# #........#
#.#..#.#.# #........#


You could see a tengu warrior and a worker ant.

Vanquished Creatures
  An unseen horror (D:8)
  Pikel (D:4)
  Prince Ribbit (D:6)
  Purgy (D:4)
  3 orc warriors (D:7)
  3 ice beasts
  A phantom (D:9)
  2 sky beasts
  2 necrophages
  2 ogres
  4 centaurs
  Blork the orc (D:4)
  5 bullfrogs
  4 scorpions
  3 wights (D:9)
  A centaur skeleton (D:7)
  3 hounds
  A bullfrog zombie (D:6)
  2 orc priests (D:7)
  2 bullfrog skeletons
  2 iguanas (D:7)
  9 orc wizards
  3 worker ants
  2 hound zombies (D:6)
  3 hound skeletons
  A worker ant zombie (D:8)
  A howler monkey skeleton (D:7)
  9 adders
  3 gnolls (D:7)
  2 shadow imps
  2 ufetubi
  2 oozes
  2 adder skeletons
  3 dart slugs
  5 leopard geckos
  31 orcs
  3 ball pythons
  8 bats
  8 giant cockroaches
  6 goblins
  10 hobgoblins
  11 kobolds
  A quokka (D:3)
  3 frilled lizards (D:1)
  7 rats
180 creatures vanquished.

Vanquished Creatures (collateral kills)
  A frilled lizard (D:2)
1 creature vanquished.

Vanquished Creatures (others)
  Erica (D:9)
  An orc wizard (D:7)
  A plant (D:1)
3 creatures vanquished.

Grand Total: 184 creatures vanquished

Notes
Turn   | Place    | Note
-------+----------+-------------------------------------------
     0 | D:1      | tygod the Gnoll Hunter began the quest for the Orb.
     0 | D:1      | Reached XP level 1. HP: 20/20 MP: 1/1
   152 | D:1      | Reached XP level 2. HP: 24/26 MP: 2/2
   503 | D:1      | Reached XP level 3. HP: 21/31 MP: 3/3
  1253 | D:2      | Reached skill level 1 in Invocations
  1324 | D:2      | Learned a level 1 spell: Summon Small Mammal
  1502 | D:2      | Reached skill level 1 in Short Blades
  1502 | D:2      | Reached skill level 1 in Long Blades
  1502 | D:2      | Reached skill level 1 in Axes
  1502 | D:2      | Reached skill level 1 in Maces & Flails
  1502 | D:2      | Reached skill level 1 in Polearms
  1502 | D:2      | Reached skill level 1 in Staves
  1502 | D:2      | Reached skill level 1 in Slings
  1502 | D:2      | Reached skill level 1 in Crossbows
  1502 | D:2      | Reached skill level 1 in Throwing
  1502 | D:2      | Reached skill level 1 in Armour
  1502 | D:2      | Reached skill level 1 in Shields
  1502 | D:2      | Reached skill level 1 in Unarmed Combat
  1502 | D:2      | Reached skill level 1 in Spellcasting
  1502 | D:2      | Reached skill level 1 in Evocations
  1577 | D:2      | Found a white marble altar of Elyvilon.
  1588 | D:2      | Reached XP level 4. HP: 36/38 MP: 5/5
  1667 | D:2      | Learned a level 1 spell: Corona
  1710 | D:2      | Found a white marble altar of Elyvilon.
  2472 | D:3      | Reached skill level 1 in Conjurations
  2472 | D:3      | Reached skill level 1 in Hexes
  2472 | D:3      | Reached skill level 1 in Summonings
  2472 | D:3      | Reached skill level 1 in Necromancy
  2472 | D:3      | Reached skill level 1 in Translocations
  2472 | D:3      | Reached skill level 1 in Transmutations
  2472 | D:3      | Reached skill level 1 in Fire Magic
  2472 | D:3      | Reached skill level 1 in Ice Magic
  2472 | D:3      | Reached skill level 1 in Air Magic
  2472 | D:3      | Reached skill level 1 in Earth Magic
  2472 | D:3      | Reached skill level 1 in Poison Magic
  2911 | D:3      | Reached XP level 5. HP: 40/43 MP: 6/6
  3286 | D:4      | Noticed a lemure
  3287 | D:4      | Noticed a lemure
  3683 | D:4      | Noticed Purgy
  3821 | D:4      | Reached XP level 6. HP: 48/50 MP: 8/8
  3933 | D:4      | Noticed Blork the orc
  4104 | D:4      | Killed Purgy
  4104 | D:4      | Reached skill level 5 in Fighting
  4104 | D:4      | Reached skill level 5 in Dodging
  4255 | D:3      | Upgraded the game from 0.26-a0-660-gc07710193c to
                  | 0.26-a0-661-g406de6ba63
  4320 | D:4      | Killed Blork the orc
  4320 | D:4      | Reached XP level 7. HP: 38/56 MP: 10/10
  4349 | D:4      | Noticed Pikel
  4358 | D:4      | Killed Pikel
  4358 | D:4      | Reached skill level 9 in Bows
  4358 | D:4      | Reached XP level 8. HP: 42/63 MP: 10/12
  4718 | D:4      | Found a shadowy altar of Dithmenos.
  4778 | D:5      | Entered Level 5 of the Dungeon
  4778 | D:5      | Found Vavogedy's General Store.
  4909 | D:5      | Found a glowing silver altar of Zin.
  4943 | D:5      | Bought a scroll of noise for 12 gold pieces
  4976 | D:5      | Bought a scroll of enchant weapon for 90 gold pieces
  5215 | D:5      | Got a crude chain mail
  5225 | D:5      | Identified the +1 chain mail "Qusyivof" {rC+++} (You found
                  | it on level 5 of the Dungeon)
  5253 | D:5      | Found a runed translucent door.
  5254 | D:5      | Noticed Crazy Yiuf
  5527 | D:6      | Found a staircase to the Ecumenical Temple.
  5538 | Temple   | Entered the Ecumenical Temple
  5637 | Temple   | Became a worshipper of Fedhas Madash
  5705 | D:6      | Found Babesaini's Antique Weapon Emporium.
  5802 | D:6      | Found a bloodstained altar of Trog.
  5915 | D:6      | Noticed Prince Ribbit
  6033 | D:6      | Killed Prince Ribbit
  6411 | D:6      | Found an opulent altar of Gozag.
  6483 | D:6      | Reached XP level 9. HP: 65/69 MP: 14/14
  6962 | D:7      | Reached * piety under Fedhas
  7958 | D:7      | Reached skill level 5 in Stealth
  8684 | D:7      | Reached skill level 5 in Invocations
  9084 | D:8      | Noticed an unseen horror
  9093 | D:8      | Killed an unseen horror
  9093 | D:8      | Reached skill level 5 in Short Blades
  9093 | D:8      | Reached skill level 5 in Long Blades
  9093 | D:8      | Reached skill level 5 in Axes
  9093 | D:8      | Reached skill level 5 in Maces & Flails
  9093 | D:8      | Reached skill level 5 in Polearms
  9093 | D:8      | Reached skill level 5 in Staves
  9093 | D:8      | Reached skill level 5 in Slings
  9093 | D:8      | Reached skill level 5 in Crossbows
  9093 | D:8      | Reached skill level 5 in Throwing
  9093 | D:8      | Reached skill level 5 in Armour
  9093 | D:8      | Reached skill level 5 in Shields
  9093 | D:8      | Reached skill level 5 in Unarmed Combat
  9093 | D:8      | Reached skill level 5 in Spellcasting
  9093 | D:8      | Reached skill level 5 in Evocations
  9093 | D:8      | Reached XP level 10. HP: 68/77 MP: 17/17
  9208 | D:8      | Reached ** piety under Fedhas
  9589 | D:8      | Noticed a two-headed ogre
  9798 | D:8      | Found a glowing golden altar of the Shining One.
  9928 | D:9      | Reached skill level 10 in Bows
 10028 | D:9      | Noticed Erica
 10042 | D:9      | Noticed a tengu warrior
 10047 | D:9      | Killed Erica
 10051 | D:9      | HP: 3/79 [tengu warrior/+3 battleaxe (9)]
 10053 | D:9      | Shot with a bolt by a tengu warrior

Illustrated notes

Levels and vault maps discovered:
D:1:      giann_bridges, layout_basic, minivault_23
D:2:      layout_basic, elyvilon_altar_5, minmay_misc_feat_roman,
          serial_park_tiny_1, minmay_hexomino_r4
D:3:      layout_basic
D:4:      layout_basic, nicolae_dithmenos_the_darkroom, uniq_purgy,
          uniq_blork_the_orc, uniq_pikel
D:5:      wander_river, layout_basic, lemuel_doored_altar, serial_shops, shop,
          uniq_crazy_yiuf_cottage
D:6:      layout_loops_corners, nicolae_gozag_cash_rules_everything_around_me,
          old_standard_altar, minmay_temple_entry_slanted, serial_shops,
          kennysheep_mini_moat, gup_sewer_entry_glass, uniq_prince_ribbit1
D:7:      layout_basic
D:8:      layout_basic, lemuel_crystal_altar
D:9:      layout_basic, uniq_erica
Temple:   kb_temple_of_zot

Skill      XL: |  1  2  3  4  5  6  7  8  9 10 |
---------------+-------------------------------+-----
Invocations    | 1 2 3 4 5 |  5.8
Short Blades   | 1 2 3 5 |  5.2
Long Blades    | 1 2 3 5 |  5.2
Axes           | 1 2 3 5 |  5.2
Maces & Flails | 1 2 3 5 |  5.2
Polearms       | 1 2 3 5 |  5.2
Staves         | 1 2 3 5 |  5.2
Slings         | 1 2 3 5 |  5.2
Crossbows      | 1 2 3 5 |  5.2
Throwing       | 1 2 3 5 |  5.2
Armour         | 1 2 3 5 |  5.2
Shields        | 1 2 3 5 |  5.2
Unarmed Combat | 1 2 3 5 |  5.2
Spellcasting   | 1 2 3 5 |  5.2
Evocations     | 1 2 3 5 |  5.2
Conjurations   | 1 2 3 4 |  4.3
Hexes          | 1 2 3 4 |  4.3
Summonings     | 1 2 3 4 |  4.3
Necromancy     | 1 2 3 4 |  4.3
Translocations | 1 2 3 4 |  4.3
Transmutations | 1 2 3 4 |  4.3
Fire Magic     | 1 2 3 4 |  4.3
Ice Magic      | 1 2 3 4 |  4.3
Air Magic      | 1 2 3 4 |  4.3
Earth Magic    | 1 2 3 4 |  4.3
Poison Magic   | 1 2 3 4 |  4.3
Stealth        | 3 4 5 |  5.8
Fighting       | 5 6 7 |  7.1
Dodging        | 5 6 7 |  7.1
Bows           | 9 10 | 10.0

Action                   |  1- 3 |  4- 6 |  7- 9 | 10-12 || total
-------------------------+-------+-------+-------+-------++-------
Melee: Short sword       |    83 |    14 |   229 |    57 ||   383
       Bite              |    12 |    16 |    42 |     7 ||    77
       Whip              |       |   120 |    18 |       ||   138
       Dagger            |       |    10 |     1 |       ||    11
       Punch             |       |     1 |     6 |     3 ||    10
 Fire: Shortbow          |    44 |    41 |   188 |    53 ||   326
Throw: Stone             |       |       |     1 |       ||     1
       Boomerang         |       |       |       |     1 ||     1
 Cast: Summon Small Mamm |     4 |     1 |     5 |       ||    10
       Corona            |       |       |     3 |       ||     3
Invok: Wall of Briars    |       |       |       |     1 ||     1
Evoke: Wand              |       |     2 |     5 |       ||     7
  Use: Scroll            |     1 |     6 |     6 |     2 ||    15
       Potion            |       |       |     1 |       ||     1
 Stab: Sleeping          |     1 |     2 |     1 |       ||     4
Armor: Leather armour    |    20 |    62 |    11 |       ||    93
       Chain mail        |       |       |   103 |    43 ||   146
Dodge: Dodged            |    72 |   137 |   143 |    45 ||   397

Table legend: (Time is in decaauts)
 A = Elapsed time spent in this place.
 B = Non-inter-level travel time spent in this place.
 C = Inter-level travel time spent in this place.
 D = Time resting spent in this place.
 E = Time spent auto-exploring this place.
 F = Levels seen in this place.
 G = Mean time per level.
                   A        B        C        D        E       F      G
               +--------+--------+--------+--------+--------+-----+--------+
         Total |   9958 |   9169 |    789 |   1785 |   3729 |  10 |  995.8 |
       Dungeon |   9835 |   9068 |    767 |   1785 |   3707 |   9 | 1092.8 |
        Temple |    123 |    101 |     22 |      0 |     22 |   1 |  123.0 |
               +--------+--------+--------+--------+--------+-----+--------+

Top non-repeatable levels by time:
     D:7: 2109 daAuts
     D:2: 1372 daAuts
     D:6: 1263 daAuts
     D:1: 1184 daAuts
     D:3: 1108 daAuts
     D:4: 1096 daAuts
     D:8: 773 daAuts
     D:5: 726 daAuts
     D:9: 200 daAuts
  Temple: 123 daAuts
